 Dungeon Crawl Stone Soup version 0.25-a0-1133-g93ebf739aa (webtiles) character file.

Game seed: 13547868249044969175, levelgen mode: deterministic

17058 gruber the Destroyer (level 12, -2/65 HPs)
             Began as a Gargoyle Fire Elementalist on May 21, 2020.
             Was a Priest of Vehumet.
             Slain by a +5 long sword (10 damage)
             ... on level 13 of the Dungeon.
             The game lasted 00:27:06 (20170 turns).

gruber the Destroyer (Gargoyle Fire Elementalist)  Turns: 20170, Time: 00:27:07

Health: -2/65      AC: 16    Str: 12    XL:     12   Next: 44%
Magic:  0/21       EV: 12    Int: 27    God:    Vehumet [***...]
Gold:   917        SH:  7    Dex: 13    Spells: 4/23 levels left

rFire    . . .     SeeInvis +   N - +12 flail of the Messenger {vorpal, rC- MR+ SInv}
rCold    x . .     Gourm    .   U - +2 buckler {AC+3}
rNeg     + + .     Faith    .   Q - +1 robe {MR+}
rPois    ∞         Spirit   +   f - +0 helmet
rElec    +         Reflect  .   r - scarf {+Inv}
rCorr    .         Harm     .   l - +0 pair of gloves {Dex+3}
MR       ++...                  (no boots)
Stlth    ++........             t - amulet of guardian spirit
HPRegen  0.20/turn              u - +6 ring of intelligence
MPRegen  0.17/turn              K - ring of positive energy

@: invisible
A: negative energy resistance 1, electricity resistance, unbreathing,
petrification resistance, rot immunity, AC +8
a: Renounce Religion


You were on level 13 of the Dungeon.
You worshipped Vehumet.
Vehumet was most pleased with you.
You were hungry.

You visited 2 branches of the dungeon, and saw 14 of its levels.

You collected 1169 gold pieces.
You spent 252 gold pieces at shops.

Inventory:

Hand Weapons
 g - a +0 vorpal hand axe
 y - a +2 short sword of venom
 N - the +12 flail of the Messenger (weapon) {vorpal, rC- MR+ SInv}
   (You found it on level 9 of the Dungeon)

   It inflicts extra damage upon your enemies.
   It makes you vulnerable to cold.
   It affects your resistance to hostile enchantments.
   It lets you see invisible.
Armour
 f - a +0 helmet (worn)
 l - a +0 pair of gloves of dexterity (worn)
 r - a scarf of invisibility (worn)
 L - the +0 scale mail "Udyskagg" {rElec rF+ Int+4 Dex-5}
   (You bought it in a shop on level 9 of the Dungeon)

   It affects your intelligence (+4).
   It affects your dexterity (-5).
   It protects you from fire.
   It insulates you from electricity.
 P - the +2 ring mail "Buteruma" {MR++ Dex+4}
   (You found it on level 12 of the Dungeon)

   It affects your dexterity (+4).
   It affects your resistance to hostile enchantments.
 Q - a +1 robe of magic resistance (worn)
 U - a +2 buckler of protection (worn)
Jewellery
 d - an uncursed ring of ice
 t - an amulet of guardian spirit (around neck)
 u - a +6 ring of intelligence (left hand)
 I - an uncursed ring of protection from fire
 K - a ring of positive energy (right hand)
Wands
 o - a wand of digging (3)
 v - a wand of random effects (4)
 A - a wand of iceblast (27)
 E - a wand of flame (34)
 S - a wand of paralysis (14)
Scrolls
 b - 4 scrolls of enchant weapon
 e - 4 scrolls of blinking
 h - 6 scrolls of identify
 j - 3 scrolls of fear
 k - 8 scrolls of remove curse
 m - a scroll of torment {unknown}
 n - 2 scrolls of random uselessness {unknown}
 w - 3 scrolls of magic mapping {unknown}
 C - a scroll of amnesia {unknown}
 F - 2 scrolls of enchant armour {unknown}
 H - 8 scrolls of teleportation
 M - 2 scrolls of silence {unknown}
 O - a scroll of noise {unknown}
Potions
 i - 2 potions of haste {unknown}
 p - a potion of cancellation {unknown}
 q - 2 potions of heal wounds {unknown}
 s - 2 potions of lignification {unknown}
 x - 4 potions of curing {unknown}
 z - a potion of ambrosia {unknown}
 B - 3 potions of flight {unknown}
 D - 4 potions of brilliance {unknown}
 G - a potion of mutation {unknown}
 R - 2 potions of might {unknown}
 T - 2 potions of magic {unknown}
Comestibles
 a - 7 chunks of flesh
 c - 20 rations


   Skills:
 - Level 3.6 Fighting
 - Level 11.0 Maces & Flails
 - Level 1.5 Dodging
 - Level 2.1 Stealth
 + Level 4.8 Shields
 - Level 6.4 Spellcasting
 - Level 12.1 Conjurations
 - Level 9.0 Fire Magic
 - Level 0.8 Air Magic
 - Level 2.2 Earth Magic
 - Level 0.7 Poison Magic


You had 4 spell levels left.
You knew the following spells:

 Your Spells              Type           Power        Failure   Level  Hunger
a - Foxfire               Conj/Fire      ####         1%          1    None
b - Conjure Flame         Conj/Fire      ######..     1%          3    None
c - Sticky Flame          Conj/Fire      ######..     1%          4    ###....
d - Fireball              Conj/Fire      ######....   1%          5    #####..
e - Stone Arrow           Conj/Erth      #####.       1%          3    None
f - Mephitic Cloud        Conj/Pois/Air  ####....     1%          3    None

Your spell library contained the following spells:

 Spells                   Type           Power        Failure   Level  Hunger
 Airstrike                Air            ##........   12%         4    ###....
 Magic Dart               Conj           ####         1%          1    None
 Sandblast                Erth           ###...       1%          1    None
 Searing Ray              Conj           ######       1%          2    None
 Dazzling Flash           Conj/Hex       #####.       1%          3    None
 Inner Flame              Hex/Fire       ####....     1%          3    None
 Fulminant Prism          Conj/Hex       #####.....   1%          4    ###....
 Iskenderun's Mystic Bla  Conj/Tloc      #####...     1%          4    ###....
 Animate Skeleton         Necr           N/A          6%          1    None
 Apportation              Tloc           #.....       6%          1    None
 Corona                   Hex            #......      6%          1    None
 Infusion                 Chrm           #...         6%          1    None
 Pain                     Necr           #...         6%          1    None
 Summon Small Mammal      Summ           #...         6%          1    None
 Passwall                 Tmut/Erth      ##......     6%          2    None
 Poisonous Vapours        Pois/Air       ##....       7%          2    None
 Shroud of Golubria       Chrm/Tloc      #.....       10%         2    None
 Song of Slaying          Chrm           #.......     10%         2    None
 Confusing Touch          Hex            #.......     19%         3    None
 Gell's Gravitas          Tloc           #.........   19%         3    None
 Ozocubu's Armour         Chrm/Ice       #.......     19%         3    None
 Spectral Weapon          Hex/Chrm       #.......     19%         3    None
 Leda's Liquefaction      Hex/Erth       ##........   36%         4    ###....
 Petrify                  Tmut/Erth      ##......     36%         4    ###....
 Bolt of Magma            Conj/Fire/Erth ######....   1%          5    #####..
 Iron Shot                Conj/Erth      #####.....   13%         6    ######.
 Lee's Rapid Deconstruct  Erth           ###.......   17%         5    #####..
 Yara's Violent Unravell  Hex/Tmut       #.........   38%         5    #####..
 Freezing Cloud           Conj/Ice/Air   ####......   38%         6    ######.
 Metabolic Englaciation   Hex/Ice        #.........   86%         5    #####..
 Ring of Flames           Chrm/Fire      ####......   100%        7    #######
 Shatter                  Erth           ###.......   100%        9    #######
 Statue Form              Tmut/Erth      Unusable     N/A         6    N/A

Dungeon Overview and Level Annotations

Branches:
Dungeon (13/15)            Temple (1/1) D:5            Lair (0/6) D:11
    Orc (0/2) D:12         Vaults (0/5) D:13

Altars:
Ashenzari
Cheibriados
Dithmenos
Elyvilon
Fedhas
Gozag
Hepliaklqana
Kikubaaqudgha
Makhleb
Nemelex Xobeh
Okawaru
Qazlal
Ru
Sif Muna
Trog
Uskayaw
Vehumet
Wu Jian
Xom
Yredelemnul
Zin
The Shining One
Beogh

Shops:
D:9 ([}

Annotations:
D:7 2 transporters, bmj180's ghost, novice DrCj
D:12 3 runed translucent doors, gruber's ghost, journeyman BaIE


Innate Abilities, Weirdness & Mutations

You are resistant to torment.
Your stone body is resilient. (AC +8)
You are immune to poison.
You resist negative energy. (rN+)
You are resistant to electric shocks. (rElec)
You can survive without breathing.
You are immune to petrification.
You are immune to rotting.


Message History

Casting: Stone Arrow (safe; 1% risk of failure)
Confirm with . or Enter, or press ? or * to list all spells.
You don't have enough magic to cast that spell.
Unknown command.
Casting: Stone Arrow (safe; 1% risk of failure)
Confirm with . or Enter, or press ? or * to list all spells.
You don't have enough magic to cast that spell.
Unknown command.
You block the +5 long sword's attack. The +5 long sword hits you!!
* * * LOW HITPOINT WARNING * * *
You are feeling hungry.
The +5 long sword hits you.
* * * LOW HITPOINT WARNING * * *
The +5 long sword hits you but does no damage.
The +5 long sword hits you.
* * * LOW HITPOINT WARNING * * *
You fade into invisibility!
The +5 long sword hits you!
You die...

.#####....# ............#
...∩(.....# .........(..
.#####....### #......#(##
..#(#....... +..###.+...
..........#####+#######......#...
.............................#...
........................#..#.####
.............######...(.#....#...
...............(@............#...
.#'###########+#######'#######...
##..........................##...
##..........................##...
##.##....[.##.###########...#####
##.##......######## ##'##
....#.............. #...#
######'############ #####
..............


You could see a +5 long sword.

Vanquished Creatures
  Erolcha (D:10)
  A hydra (D:11)
  A centaur warrior (D:13)
  An ogre mage (D:11)
  Sonja (D:11)
  A skeletal warrior (D:11)
  2 ugly things
  A komodo dragon (D:10)
  2 trolls (D:13)
  A hornet (D:12)
  3 hippogriffs
  A spriggan (D:7)
  A wraith (D:11)
  15 yaks
  3 hungry ghosts
  A steam dragon (D:11)
  2 water moccasins
  An acid dragon (D:11)
  Duvessa (D:4)
  5 orc warriors
  6 ice beasts
  An eye of draining (D:9)
  3 phantoms
  7 ogres
  9 centaurs
  A gnoll sergeant (D:12)
  2 big kobolds
  Blork the orc (D:4)
  13 bullfrogs
  A wyvern zombie (D:6)
  Dowan (D:4)
  2 water moccasin zombies
  A wyvern skeleton (D:11)
  A scorpion (D:8)
  11 killer bees
  5 wights
  5 jellies
  8 crimson imps
  3 hounds
  A bullfrog zombie (D:10)
  12 orc priests
  2 centaur skeletons
  A gnoll shaman (D:8)
  Ijyb (D:4)
  3 iguanas
  23 orc wizards
  Natasha (thrice) (D:3)
  9 worker ants
  21 gnolls
  11 adders
  6 shadow imps
  2 oozes
  An adder zombie (D:7)
  2 adder skeletons
  2 worms
  2 dart slugs
  4 leopard geckos
  76 orcs
  6 giant cockroaches
  9 goblins
  6 hobgoblins
  2 jackals (D:1)
  4 quokkas
  2 ball pythons
  9 bats
  5 frilled lizards
  8 kobolds
  8 rats
367 creatures vanquished.

Vanquished Creatures (collateral kills)
  A wight (D:12)
  An ooze (D:9)
  A goblin (D:1)
  2 frilled lizards
5 creatures vanquished.

Vanquished Creatures (others)
  Erica (D:10)
  A troll (D:11)
  1695 foxfires
1697 creatures vanquished.

Grand Total: 2069 creatures vanquished

Notes
Turn   | Place    | Note
-------+----------+-------------------------------------------
     0 | D:1      | gruber the Gargoyle Fire Elementalist began the quest for
                  | the Orb.
     0 | D:1      | Reached XP level 1. HP: 10/10 MP: 3/3
   267 | D:1      | Reached XP level 2. HP: 15/15 MP: 0/5
   876 | D:2      | Reached XP level 3. HP: 19/19 MP: 0/6
   977 | D:2      | Reached skill level 2 in Conjurations
  1557 | D:2      | Reached XP level 4. HP: 24/24 MP: 3/7
  2291 | D:3      | Reached skill level 3 in Conjurations
  2555 | D:3      | Reached XP level 5. HP: 28/28 MP: 2/9
  2661 | D:3      | Learned a level 3 spell: Conjure Flame
  2666 | D:3      | Learned a level 4 spell: Sticky Flame
  2898 | D:3      | Noticed a phantom
  2908 | D:3      | Killed a phantom
  2908 | D:3      | Reached skill level 4 in Conjurations
  2908 | D:3      | Reached XP level 6. HP: 32/32 MP: 1/10
  3024 | D:3      | Noticed Natasha
  3031 | D:3      | Killed Natasha
  3131 | D:3      | Noticed Natasha
  3139 | D:3      | Killed Natasha
  3254 | D:3      | Noticed Natasha
  3265 | D:3      | Killed Natasha
  3265 | D:3      | Reached skill level 5 in Conjurations
  3596 | D:4      | Noticed Ijyb
  3596 | D:4      | Noticed Blork the orc
  3685 | D:4      | Noticed Duvessa
  3685 | D:4      | Noticed Dowan
  3690 | D:4      | Killed Duvessa
  3690 | D:4      | Reached skill level 5 in Fire Magic
  3690 | D:4      | Reached XP level 7. HP: 26/36 MP: 0/11
  3690 | D:4      | Killed Dowan
  3690 | D:4      | Reached skill level 6 in Conjurations
  3852 | D:4      | Killed Blork the orc
  3950 | D:4      | Killed Ijyb
  4265 | D:4      | Reached skill level 7 in Conjurations
  4449 | D:4      | Reached XP level 8. HP: 41/41 MP: 7/12
  4790 | D:5      | Entered Level 5 of the Dungeon
  4815 | D:5      | Found a staircase to the Ecumenical Temple.
  4832 | Temple   | Entered the Ecumenical Temple
  4998 | D:5      | You fall into a shaft and drop 3 floors!
  4999 | D:8      | Noticed a hippogriff
  5233 | D:8      | Reached skill level 8 in Conjurations
  5914 | D:7      | Reached skill level 9 in Conjurations
  6094 | D:7      | Noticed bmj180's ghost (novice DrCj)
  6103 | D:7      | Noticed a troll
  6136 | D:7      | Found a transporter.
  6155 | D:7      | Reached XP level 9. HP: 45/45 MP: 2/13
  6358 | D:7      | Found a transporter.
  6375 | D:7      | Learned a level 5 spell: Fireball
  7025 | D:6      | Reached skill level 10 in Conjurations
  8551 | D:5      | Found a blossoming altar of Fedhas.
  8747 | D:5      | Found a blossoming altar of Fedhas.
  8747 | D:5      | Found a shadowy altar of Dithmenos.
  8753 | D:5      | Found a glowing golden altar of the Shining One.
  8755 | D:5      | Found an opulent altar of Gozag.
  8757 | D:5      | Found a sacrificial altar of Ru.
  8961 | D:7      | Reached skill level 11 in Conjurations
  9900 | D:8      | Reached XP level 10. HP: 50/50 MP: 0/14
 10184 | D:8      | Reached skill level 12 in Conjurations
 11027 | D:9      | Found Paledyodd's Antique Weapon Shoppe.
 11198 | D:9      | Found Yskuruq's Antique Armour Boutique.
 11221 | D:9      | Bought a steaming scale mail for 252 gold pieces
 11221 | D:9      | Identified the +0 scale mail "Udyskagg" {rElec rF+ Int+4
                  | Dex-5} (You bought it in a shop on level 9 of the Dungeon)
 11450 | D:9      | Found a shimmering blue altar of Sif Muna.
 11484 | D:9      | Found an ancient bone altar of Kikubaaqudgha.
 11606 | D:9      | Identified Kikubaaqudgha's Catalogue of Necromancy
 11613 | D:9      | Found a radiant altar of Vehumet.
 11657 | D:9      | Became a worshipper of Vehumet
 11731 | D:9      | Reached skill level 5 in Spellcasting
 12072 | D:9      | Found a sparkling altar of Nemelex Xobeh.
 12463 | D:9      | Got a bloodstained flail
 12464 | D:9      | Identified the +12 flail of the Messenger {vorpal, rC- MR+
                  | SInv} (You found it on level 9 of the Dungeon)
 12558 | D:9      | Found Vewaryas's Gadget Boutique.
 12579 | D:9      | You fall into a shaft and drop 3 floors!
 13039 | D:12     | Got a brightly glowing ring mail
 13040 | D:12     | Identified the +2 ring mail "Buteruma" {MR++ Dex+4} (You
                  | found it on level 12 of the Dungeon)
 13080 | D:12     | Reached skill level 1 in Maces & Flails
 13154 | D:12     | Reached * piety under Vehumet
 13154 | D:12     | Offered knowledge of Sandblast by Vehumet.
 13782 | D:12     | Found a staircase to the Orcish Mines.
 14083 | D:12     | Noticed a white ugly thing
 14092 | D:12     | Killed a white ugly thing
 14092 | D:12     | Reached skill level 5 in Maces & Flails
 14092 | D:12     | Reached XP level 11. HP: 54/54 MP: 7/20
 14706 | D:12     | Found a runed translucent gate.
 14706 | D:12     | Found a runed translucent gate.
 14706 | D:12     | Found a runed translucent gate.
 14709 | D:12     | Noticed gruber's ghost (journeyman BaIE)
 14711 | D:12     | Identified the +12 trident of Waleniw {drain, rF+ Str+4
                  | Dex+2}
 14712 | D:12     | Found a roughly hewn altar of Beogh.
 14750 | D:12     | Offered knowledge of Shock by Vehumet.
 14764 | D:12     | Reached ** piety under Vehumet
 14860 | D:12     | Learned a level 3 spell: Stone Arrow
 14864 | D:12     | Learned a level 3 spell: Mephitic Cloud
 15077 | D:11     | Noticed a brown ugly thing
 15374 | D:11     | Found a white marble altar of Elyvilon.
 15441 | D:11     | Found a staircase to the Lair.
 15451 | D:11     | Noticed Sonja
 15454 | D:11     | Killed Sonja
 16464 | D:10     | Entered Level 10 of the Dungeon
 16511 | D:10     | Offered knowledge of Ignite Poison by Vehumet.
 17089 | D:10     | Found a sacrificial altar of Ru.
 17363 | D:10     | Noticed Erolcha
 17369 | D:10     | Killed Erolcha
 17590 | D:10     | Noticed Erica
 17602 | D:10     | Killed Erica
 17602 | D:10     | Reached skill level 10 in Maces & Flails
 18524 | D:11     | Noticed a skeletal warrior
 18534 | D:11     | Killed a skeletal warrior
 18534 | D:11     | Reached XP level 12. HP: 36/59 MP: 6/21
 18821 | D:11     | Noticed a seven-headed hydra
 18837 | D:11     | Killed a seven-headed hydra
 18837 | D:11     | Reached skill level 1 in Earth Magic
 18894 | D:11     | Noticed an ogre mage
 19146 | D:11     | Killed an ogre mage
 19395 | D:12     | Reached *** piety under Vehumet
 19634 | D:13     | Noticed a centaur warrior
 19638 | D:13     | Reached skill level 1 in Shields
 19640 | D:13     | Killed a centaur warrior
 20112 | D:13     | Offered knowledge of Airstrike by Vehumet.
 20147 | D:13     | Found a gate to the Vaults.
 20170 | D:13     | Slain by a +5 long sword

Illustrated notes

Levels and vault maps discovered:
D:1:      dpeg_arrival_leaves_temple_mockup, layout_basic, solitary_fountain
D:2:      layout_rooms, first_ration
D:3:      layout_loops_cross, uniq_natasha
D:4:      layout_cave_pools, uniq_blork_the_orc, uniq_duvessa, uniq_ijyb
D:5:      layout_cave_pods, chequers_temple_overflow_minitemple,
          minmay_temple_entry_statues_fountains, fedhas_altar_3
D:6:      layout_basic
D:7:      layout_loops_ring, gammafunk_ghost_arena, the_bakery
D:8:      minmay_evil_eye, layout_gridville
D:9:      layout_irregular_city, palyth_temple_overflow_mages, serial_shops,
          shop_coins, shop_coins, nicolae_shop_statue_plus,
          nemelex_dance_club_becter
D:10:     layout_basic, nicolae_ru_sacrificial_ziggurat, uniq_erolcha,
          uniq_erica
D:11:     minmay_the_grid_four_pointed_star_mashed
          [minmay_the_grid_triangle_9x9_dagger,
          minmay_the_grid_triangle_9x9_odd_lines,
          minmay_the_grid_triangle_9x9_minimal,
          minmay_the_grid_triangle_9x9_descending_squares,
          minmay_the_grid_prize_trominoes], layout_basic, elyvilon_altar_5,
          uniq_sonja
D:12:     layout_stronghold, hiddenorc2_lemuel, biasface_ghost_orc_armoury,
          evilmike_minifort
D:13:     layout_stronghold, erik_vaults_1, portal_ice_cave_entry_imps,
          grunt_qazlal_clouds
Temple:   eino_temple_lava

Skill      XL: |  1  2  3  4  5  6  7  8  9 10 11 12 |
---------------+-------------------------------------+-----
Conjurations   | 2 3 4 5 7 9 11 12 | 12.1
Fire Magic     | 4 5 7 8 9 |  9.0
Spellcasting   | 3 6 |  6.4
Maces & Flails | 5 10 11 | 11.0
Fighting       | 3 |  3.6
Earth Magic    | 2 |  2.2
Shields        | 4 |  4.8
Dodging        | |  1.5
Stealth        | |  2.1
Air Magic      | |  0.8
Poison Magic   | |  0.7

Action                   |  1- 3 |  4- 6 |  7- 9 | 10-12 || total
-------------------------+-------+-------+-------+-------++-------
Melee: Unarmed           |     5 |       |       |       ||     5
       Hand axe          |    15 |    25 |    14 |       ||    54
       Short sword       |       |       |    90 |    59 ||   149
       Flail             |       |       |       |   102 ||   102
 Cast: Foxfire           |    61 |   131 |   327 |   629 ||  1148
       Sticky Flame      |       |     2 |     9 |    30 ||    41
       Stone Arrow       |       |       |       |    14 ||    14
       Mephitic Cloud    |       |       |       |     5 ||     5
       Fireball          |       |       |       |    10 ||    10
       Conjure Flame     |       |       |       |     1 ||     1
  Use: Scroll            |       |       |     6 |     3 ||     9
       Potion            |       |       |       |     1 ||     1
 Stab: Sleeping          |     1 |       |       |     1 ||     2
  Eat: Chunk             |     3 |     6 |    18 |    34 ||    61
       Ration            |       |       |     1 |     1 ||     2
Armor: Robe              |     8 |    20 |    86 |   117 ||   231
Dodge: Dodged            |    19 |    33 |   116 |   181 ||   349
Block: Buckler           |       |       |       |    18 ||    18

Table legend:
 A = Non-vault XP
 B = Vault XP
 C = Vault XP percentage of total XP
 D = Non-vault monster count
 E = Vault monster count
 F = Vault count percentage of total count
                 A         B        C        D         E       F
            +---------+---------+-------+---------+---------+-------
      Total |   17112 |    7257 |  29.8 |     315 |      59 |  15.8
            +---------+---------+-------+---------+---------+-------
        D:1 |      24 |       0 |   0.0 |      15 |       0 |   0.0
        D:2 |      78 |       0 |   0.0 |      23 |       0 |   0.0
        D:3 |     356 |      35 |   9.0 |      42 |       1 |   2.3
        D:4 |     416 |     351 |  45.8 |      18 |       4 |  18.2
        D:5 |     758 |       0 |   0.0 |      19 |       0 |   0.0
        D:6 |     774 |       0 |   0.0 |      22 |       0 |   0.0
        D:7 |     934 |     224 |  19.3 |      24 |       1 |   4.0
        D:8 |    1647 |     104 |   5.9 |      32 |       2 |   5.9
        D:9 |    1562 |     358 |  18.6 |      23 |       8 |  25.8
       D:10 |    1802 |    1918 |  51.6 |      15 |       2 |  11.8
       D:11 |    3482 |    3593 |  50.8 |      33 |       9 |  21.4
       D:12 |    2623 |     674 |  20.4 |      35 |      32 |  47.8
       D:13 |    2656 |       0 |   0.0 |      14 |       0 |   0.0
            +---------+---------+-------+---------+---------+-------
